 Dungeon Crawl Stone Soup version 0.27.1-4-g1640c2035a (webtiles) character file.

Game seed: 18080298931769385106

2237 zeram the Cleaver (level 9, -26/79 HPs)
             Began as a Hill Orc Fighter on Nov 17, 2021.
             Annihilated by a boulder beetle (44 damage)
             ... on level 6 of the Dungeon.
             The game lasted 00:10:40 (7502 turns).

zeram the Cleaver (Hill Orc Fighter)                Turns: 7502, Time: 00:10:41

Health: -26/79     AC: 11    Str: 28    XL:     9   Next: 36%
Magic:  9/9        EV:  8    Int:  8    God:
Gold:   303        SH: 11    Dex: 10    Spells: 8/8 levels left

rFire    . . .     SeeInvis .   a - +2 war axe (vamp)
rCold    . . .     Faith    .   c - +0 kite shield
rNeg     . . .     Spirit   .   b - +0 scale mail
rPois    .         Reflect  .   (no helmet)
rElec    .         Harm     .   u - +0 cloak
rCorr    .         Rampage  .   n - +1 pair of gloves
Will     .....                  (no boots)
Stlth    ..........             (no amulet)
HPRegen  0.23/turn              i - +6 ring of strength
MPRegen  0.11/turn              (no ring)

@: no status effects
A: no striking features
a: no special abilities


You were on level 6 of the Dungeon.
You visited 1 branch of the dungeon, and saw 6 of its levels.

You collected 400 gold pieces.
You spent 97 gold pieces at shops.

Inventory:

Hand Weapons
 a - a +2 vampiric war axe (weapon)
 k - a +3 whip of electrocution
 s - a +5 flail of protection
Armour
 b - a +0 scale mail (worn)
 c - a +0 kite shield (worn)
 n - a +1 pair of gloves (worn)
 u - a +0 cloak (worn)
Jewellery
 i - a +6 ring of strength (left hand)
 q - the amulet "Sanevay" {Spirit *Slow Str+4 Stlth+}
   (You found it on level 5 of the Dungeon)

   [amulet of guardian spirit]

   It causes incoming damage to be divided between your reserves of health and
   magic.
   Str:       It affects your strength (+4).
   *Slow:     It may slow you when you take damage.
   Stlth:     It makes you more stealthy.
 r - a ring of flight
 t - the ring "Majif" {rElec rPois rF- rCorr Str+8}
   (You found it on level 4 of the Dungeon)

   [ring of resist corrosion]

   Str:       It affects your strength (+8).
   rF:        It makes you vulnerable to fire.
   rElec:     It insulates you from electricity.
   rPois:     It protects you from poison.
   rCorr:     It protects you from acid and corrosion.
Wands
 l - a wand of acid (8)
Scrolls
 e - a scroll of fog {unknown}
 h - a scroll of enchant weapon
 o - a scroll of teleportation
 v - a scroll of amnesia
Potions
 f - 3 potions of curing
 g - 2 potions of heal wounds
 m - 2 potions of flight
 p - a potion of ambrosia {unknown}


   Skills:
 + Level 7.1 Fighting
 + Level 8.5 Axes
 + Level 7.9 Armour
 + Level 7.7 Shields


You had 8 spell levels left.
You didn't know any spells.
Your spell library contained the following spells:

 Spells                   Type           Power      Damage    Failure   Level
 Sting                    Tmut/Pois      0%         1d3       91%         1
 Poisonous Vapours        Pois/Air       0%         N/A       97%         2
 Inner Flame              Hex/Fire       0%         N/A       100%        3
 Cause Fear               Hex            0%         N/A       100%        4
 Olgreb's Toxic Radiance  Pois           0%         N/A       100%        4
 Discord                  Hex            0%         N/A       100%        8


Dungeon Overview and Level Annotations

Branches:
Dungeon (6/15)
 Temple: D:4-7

Altars:
Dithmenos
Kikubaaqudgha
Sif Muna
Uskayaw
Wu Jian

Shops:
D:5 *


Message History

The boulder beetle is moderately wounded.
The boulder beetle closely misses you. The boulder beetle barely misses you.
You slice the boulder beetle!!
You feel better.
The boulder beetle is severely wounded.
The boulder beetle bites you but does no damage.
You hit the boulder beetle but do no damage.
The boulder beetle is severely wounded.
The boulder beetle bites you.
You hit the boulder beetle but do no damage.
The boulder beetle is heavily wounded.
The boulder beetle bites you!!
You hit the boulder beetle.
You feel better.
The boulder beetle is heavily wounded.
The boulder beetle bites you!
The boulder beetle bites you but does no damage.
You hit the boulder beetle but do no damage.
The boulder beetle is heavily wounded.
The boulder beetle closely misses you.
You hit the boulder beetle but do no damage.
The boulder beetle is heavily wounded.
You block the boulder beetle's attack.
You hit the boulder beetle but do no damage.
The boulder beetle is heavily wounded.
The boulder beetle bites you.
You completely miss the boulder beetle.
The boulder beetle is heavily wounded.
The boulder beetle bites you but does no damage.
The boulder beetle bites you!!
* * * LOW HITPOINT WARNING * * *
You hit the boulder beetle.
You feel better.
The boulder beetle is severely wounded.
The boulder beetle leaps!
Okay, then.
The boulder beetle curls into a ball and begins rolling!
You block the boulder beetle's attack.
The boulder beetle stops rolling and uncurls.
The boulder beetle curls into a ball and begins rolling!
The boulder beetle hits you!!!
Ouch! That really hurt!
You die...

.... #.#..##.###...... .....
########.##....###.##.##
.....#####...............##.##.#
...........#######..........>#.##
..°......##########..............
....○###.....°○°..........#.#....
.... #########○.........#.....#
... #B#........##..... ##
##@#...............
###(.................
########........#.#.........
.........>..................
........##.#.........<......
............................
.................<..........
##########.########.........
###.# #...........


You could see a boulder beetle (rolling).

Vanquished Creatures
  Eustachio (D:4)
  3 vampire mosquitoes (D:6)
  Edmund (D:4)
  A water moccasin (D:5)
  2 ice beasts
  An orc warrior (D:5)
  2 black bears (D:5)
  2 necrophages
  A bullfrog (D:6)
  A wyvern skeleton (D:5)
  A howler monkey (D:4)
  A bullfrog zombie (D:6)
  A centaur zombie (D:6)
  Crazy Yiuf (D:4)
  A hound (D:5)
  2 jellies (D:5)
  2 bullfrog skeletons
  6 iguanas
  3 orc wizards
  A hound skeleton (D:4)
  A howler monkey skeleton (D:5)
  5 adders
  4 gnolls (D:3)
  3 white imps
  4 worms
  A dart slug (D:2)
  12 orcs
  7 ball pythons
  4 bats
  5 endoplasms
  A giant cockroach (D:2)
  7 goblins
  10 hobgoblins
  4 jackals
  5 kobolds
  2 quokkas
  4 frilled lizards
  A rat (D:1)
114 creatures vanquished.

Notes
Turn   | Place    | Note
-------+----------+-------------------------------------------
     0 | D:1      | zeram the Hill Orc Fighter began the quest for the Orb.
     0 | D:1      | Reached XP level 1. HP: 19/19 MP: 1/1
   251 | D:1      | Found a faded altar of an unknown god.
   294 | D:1      | Reached XP level 2. HP: 27/27 MP: 2/2
   576 | D:1      | Reached skill level 3 in Axes
   759 | D:1      | You fall into a shaft and drop 1 floor!
   935 | D:1      | Reached XP level 3. HP: 33/33 MP: 3/3
  1421 | D:2      | Reached skill level 4 in Axes
  1421 | D:2      | Reached XP level 4. HP: 29/40 MP: 4/4
  2266 | D:3      | Reached XP level 5. HP: 41/47 MP: 5/5
  2903 | D:3      | You fall into a shaft and drop 1 floor!
  3446 | D:3      | Found a shadowy altar of Dithmenos.
  3563 | D:4      | Noticed Eustachio
  3577 | D:4      | Killed Eustachio
  3578 | D:4      | Reached skill level 5 in Fighting
  3578 | D:4      | Reached skill level 5 in Armour
  3578 | D:4      | Reached XP level 6. HP: 26/56 MP: 6/6
  3914 | D:4      | Found a runed translucent door.
  3915 | D:4      | Noticed Crazy Yiuf
  4122 | D:4      | Found an ornate altar of the Wu Jian Council.
  4315 | D:4      | Noticed Edmund
  4327 | D:4      | Killed Edmund
  4328 | D:4      | Reached skill level 5 in Shields
  4328 | D:4      | Reached XP level 7. HP: 41/61 MP: 7/7
  4483 | D:4      | Identified the ring "Majif" {rElec rPois rF- rCorr Str+8}
  4784 | D:4      | Found a shimmering blue altar of Sif Muna.
  4876 | D:4      | Killed Crazy Yiuf
  5126 | D:5      | Entered Level 5 of the Dungeon
  5236 | D:5      | Found Nopnoca's General Store.
  5528 | D:5      | Bought a scroll of enchant weapon for 97 gold pieces
  5622 | D:5      | Reached XP level 8. HP: 70/70 MP: 8/8
  5642 | D:5      | Found an ancient bone altar of Kikubaaqudgha.
  5787 | D:5      | Reached skill level 5 in Axes
  6061 | D:5      | Identified the amulet "Sanevay" {Spirit *Slow Str+4 Stlth+}
  6372 | D:4      | Reached skill level 6 in Axes
  6924 | D:6      | Reached skill level 7 in Axes
  6936 | D:6      | Reached XP level 9. HP: 57/78 MP: 9/9
  7039 | D:6      | Found a hide-covered altar of Uskayaw.
  7257 | D:6      | Reached skill level 8 in Axes
  7473 | D:6      | Noticed a boulder beetle
  7502 | D:6      | Annihilated by a boulder beetle

Illustrated notes

Levels and vault maps discovered:
D:1:      amcnicky_arrival_abandoned_market, layout_basic,
          dreamdust_ecumenical_altar_hidden_monk_grotto, minmay_door_square,
          minivault_11, kennysheep_minor_cross
D:2:      layout_loops_corners
D:3:      layout_basic, mainiacjoe_overflow_alcove_4, minmay_bisected
D:4:      layout_basic, mainiacjoe_overflow_alcove_2, overflow_temple_1_default,
          uniq_crazy_yiuf_cottage, uniq_edmund, uniq_eustachio
D:5:      layout_cave_pools, kiku_gazebo_pond_becter, serial_shops, shop
D:6:      layout_rooms, amcnicky_altar_gilded, st_stairs_5

Skill      XL: |  1  2  3  4  5  6  7  8  9 |
---------------+----------------------------+-----
Fighting       | 4 5 6 7 |  7.1
Axes           | 3 4 7 8 |  8.5
Armour         | 4 5 6 7 |  7.9
Shields        | 4 5 6 7 |  7.7

Action                   |  1- 3 |  4- 6 |  7- 9 || total
-------------------------+-------+-------+-------++-------
Melee: War axe           |    85 |    29 |   194 ||   308
       Whip              |       |   119 |       ||   119
       Flail             |       |       |    36 ||    36
  Use: Scroll            |     1 |       |    13 ||    14
       Potion            |       |     1 |     3 ||     4
Armor: Scale mail        |    38 |    75 |   129 ||   242
       Skin              |       |       |    18 ||    18
Dodge: Dodged            |    22 |    58 |   105 ||   185
Block: Kite shield       |    42 |    99 |   204 ||   345
